 Dungeon Crawl Stone Soup version 0.18.1-6-gd335043 (webtiles) character file.

160 Gingerlord the Skirmisher (level 5, -2/42 HPs)
             Began as a Formicid Abyssal Knight on May 17, 2016.
             Was a Believer of Lugonu.
             Slain by an elf zombie (4 damage)
             ... in an ossuary.
             The game lasted 00:03:13 (1145 turns).

Gingerlord the Skirmisher (Formicid Abyssal Knight) Turns: 1145, Time: 00:03:14

Health: -2/42      AC:  7    Str: 16    XL:     5   Next: 69%
Magic:  6/6        EV: 11    Int: 12    God:    Lugonu [**....]
Gold:   141        SH:  0    Dex: 11    Spells: 0 memorised, 4 levels left

rFire  . . .     SeeInvis +     n - +2 falchion (venom)
rCold  . . .     Gourm    .     j - +1 ring mail
rNeg   . . .     Faith    .     (no shield)
rPois  .         Spirit   .     (helmet unavailable)
rElec  .         Dismiss  .     (no cloak)
rCorr  +         Reflect  .     k - +0 pair of gloves
SustAt .         Harm     .     (no boots)
MR     .....                    (no amulet)
Stlth  +.........               h - ring of flight
                                f - ring of resist corrosion

@: not resistant to hostile enchantments, very unstealthy
A: permanent stasis, dig shafts and tunnels, four strong arms, antennae 3
a: Dig, Shaft Self, Depart the Abyss, Bend Space, Renounce Religion, Evoke
Flight


You were in an ossuary.
You worshipped Lugonu.
Lugonu was pleased with you.
You were very hungry.

You visited 1 branch of the dungeon, and saw 3 of its levels.
You visited the Abyss 1 time.
You also visited: Ossuary.

You collected 141 gold pieces.

Inventory:

Hand Weapons
 a - a +1 falchion
 n - a +2 falchion of venom (weapon)
Armour
 j - a +1 ring mail (worn)
 k - a +0 pair of gloves (worn)
Jewellery
 f - a ring of resist corrosion (left hand)
 h - a ring of flight (right hand)
Scrolls
 d - a scroll of teleportation
 g - a scroll of amnesia
 m - a scroll of recharging
Comestibles
 c - 3 bread rations
 l - a meat ration


   Skills:
 + Level 4.1 Fighting
 + Level 3.3 Long Blades
 + Level 3.4 Armour
 + Level 2.0 Dodging
 + Level 0.3 Stealth
 + Level 2.5 Invocations


You had 4 spell levels left.
You didn't know any spells.

Dungeon Overview and Level Annotations

Branches:
Dungeon (4/15)
 Temple: D:4-7

Altars:
Okawaru


Innate Abilities, Weirdness & Mutations

You are under a permanent stasis effect.
You can dig through walls and to a lower floor.
Your four strong arms can wield two-handed weapons with a shield.
You have a pair of large antennae on your head (SInv).


Message History

You have reached level 5!
You hit the elf zombie.
The elf zombie hits you but does no damage.
You closely miss the elf zombie. The elf zombie misses you.
You closely miss the elf zombie. The elf zombie completely misses you.
You closely miss the elf zombie. The elf zombie hits you.
* * * LOW HITPOINT WARNING * * *
You completely miss the elf zombie. The elf zombie completely misses you.
Unknown command.
You slash the elf zombie! The elf zombie barely misses you.
Unknown command.
You hit the elf zombie.
Unknown command.
You slash the elf zombie!
You feel a little less mighty now. The elf zombie hits you.
* * * LOW HITPOINT WARNING * * *
Unknown command.
You hit the elf zombie. The elf zombie hits you.
You die...

#...# {{ #......
#...# #......
#...#.####.{.{{.
#...#.Z{{Z{.Z...
#...# #..# #...#
#{{# ##...# #..# {
##ZZ..######..####
#@#{....ZZ..Z.....
###........8..8...
#...............
#...............
################


You could see a big kobold zombie and an elf zombie.

Vanquished Creatures
  An elf zombie (Ossuary)
  A big kobold zombie (Ossuary)
  2 mummies (Ossuary)
  An adder zombie (Ossuary)
  A dart slug (D:1)
  A giant gecko (D:1)
  A giant cockroach (D:4)
  2 goblins (D:1)
  5 hobgoblins (D:1)
  3 jackals (D:1)
  2 bats (D:1)
  A goblin zombie (Ossuary)
  10 hobgoblin zombies (Ossuary)
  2 jackal zombies (Ossuary)
  2 kobolds
  6 kobold zombies (Ossuary)
  9 orc zombies (Ossuary)
  2 rats
  2 rat zombies (Ossuary)
54 creatures vanquished.

Notes
Turn   | Place    | Note
--------------------------------------------------------------
     0 | Abyss:1  | Gingerlord the Formicid Abyssal Knight began the quest for the Orb.
     0 | Abyss:1  | Reached XP level 1. HP: 18/18 MP: 2/2
    59 | Abyss:1  | Noticed a sixfirhy
    60 | D:1      | Escaped the Abyss
   188 | D:1      | Reached skill level 1 in Dodging
   197 | D:1      | Reached XP level 2. HP: 13/24 MP: 3/3
   252 | D:1      | Reached * piety under Lugonu
   417 | D:1      | Found an iron altar of Okawaru.
   428 | D:1      | Reached XP level 3. HP: 24/30 MP: 4/4
   639 | D:2      | You fall through a shaft for 2 floors!
   649 | D:4      | Reached skill level 4 in Fighting
   718 | D:4      | Found a sand-covered staircase.
   723 | Ossuary  | Entered an ossuary
  1073 | Ossuary  | Reached ** piety under Lugonu
  1108 | Ossuary  | Reached XP level 4. HP: 15/37 MP: 5/5
  1136 | Ossuary  | Reached XP level 5. HP: 9/42 MP: 6/6
  1144 | Ossuary  | HP: 2/42 [elf zombie (4)]
  1145 | Ossuary  | Slain by an elf zombie

Skill      XL: |  1  2  3  4 |
---------------+-------------+-----
Dodging        | 1 2 |  2.0
Fighting       | 4 |  4.1
Armour         | 3 |  3.4
Long Blades    | 3 |  3.3
Stealth        | |  0.3
Invocations    | |  2.5

Action                   |  1- 3 |  4- 6 || total
-------------------------+-------+-------++-------
Melee: Falchion          |   151 |    34 ||   185
Invok: Depart the Abyss  |     1 |       ||     1
 Abil: Dig               |     1 |       ||     1
  Use: Scroll            |     5 |       ||     5
       Potion            |     1 |     3 ||     4
Armor: Leather armour    |    19 |       ||    19
       Ring mail         |    47 |     3 ||    50
Dodge: Dodged            |    93 |    13 ||   106
